 Dungeon Crawl Stone Soup version 0.31.0-32-g396128a36d (webtiles) character file.

Game seed: 3812096927418327910

31 spaghetti the Chiller (level 3, 0/28 HPs)
             Began as a Naga Ice Elementalist on Mar 11, 2024.
             Slain by an adder (4 damage)
             ... on level 2 of the Dungeon.
             The game lasted 00:01:21 (854 turns).

spaghetti the Chiller (Naga Ice Elementalist)        Turns: 854, Time: 00:01:22

Health: 0/28       AC:  2    Str: 10    XL:     3   Next: 22%
Magic:  1/6        EV:  9    Int: 17    God:
Gold:   63         SH:  0    Dex: 11    Spells: 5/6 levels left

rFire   . . .        (no weapon)
rCold   . . .        (no shield)
rNeg    . . .        a - +0 robe
rPois   +            (no helmet)
rElec   .            (no cloak)
rCorr   .            (no gloves)
SInv    +            (no barding)
Will    +....        (no amulet)
Stlth   ++           (no ring)
HPRegen 0.24/turn    (no ring)
MPRegen 0.10/turn

%: no passive effects
@: enlightened, flying, very slow
A: AC +1, large, see invisible, deformed body, poison resistance, slowness 2,
spit poison 1, naga tail 1
a: Spit Poison


You were on level 2 of the Dungeon.
You visited 1 branch of the dungeon, and saw 2 of its levels.

You collected 63 gold pieces.

Inventory:

Armour
 a - a +0 robe (worn)
 d - a +0 hat
Scrolls
 c - a scroll of enchant armour {unknown}
 e - a scroll of immolation {unknown}
 f - a scroll of fear {unknown}
 g - a scroll of identify {unknown}
 i - a scroll of poison {unknown}
Potions
 b - a potion of magic


   Skills:
 - Level 1.5 Dodging
 - Level 3.0 Stealth
 - Level 2.0 Spellcasting
 + Level 5.0 Ice Magic


You had 5 spell levels left.
You knew the following spells:

 Your Spells              Type           Power      Damage    Failure   Level
a - Freeze                Ice            72%        1d8       2%          1

Your spell library contained the following spells:

 Spells                   Type           Power      Damage    Failure   Level
 Frozen Ramparts          Ice            36%        1d6       8%          3
 Ozocubu's Armour         Ice            18%        N/A       8%          3
 Summon Ice Beast         Ice/Summ       10%        N/A       21%         3


Dungeon Overview and Level Annotations

Branches:
Dungeon (2/15)

Altars:

Shops:
D:1 [


Innate Abilities, Weirdness & Mutations

Your serpentine skin is tough. (AC +1)
You have supernaturally acute eyesight. (SInv)
Armour fits poorly on your strangely shaped body.
Your system is resistant to poisons. (rPois)
You cover ground very slowly.
You can spit poison.
You have a snake-like lower body.


Message History

You feel very buoyant.
You fly up into the air.
The adder bites you.
Casting: Freeze (safe; 2% risk of failure)
Confirm with . or Enter, or press ? or * to list all spells.
Aiming: Freeze (safe; 2% risk of failure)
Press: ? - help, Shift-Dir - straight line, f - adder
Aim: an adder You freeze the adder.
The adder is moderately wounded.
The adder barely misses you.
You barely miss the adder.
The adder is moderately wounded.
The adder bites you.
You hit the adder but do no damage.
The adder is moderately wounded.
The adder bites you. x2
You hit the adder but do no damage.
The adder is moderately wounded.
The adder closely misses you.
You barely miss the adder.
The adder is moderately wounded.
The adder bites you.
* * * LOW HITPOINT WARNING * * *
You hit the adder but do no damage.
The adder is moderately wounded.
The adder bites you but does no damage. The adder closely misses you.
You hit the adder.
The adder is heavily wounded.
The adder barely misses you.
You barely miss the adder.
The adder is heavily wounded.
The adder bites you.
* * * LOW HITPOINT WARNING * * *
The adder barely misses you. The adder attacks as it pursues you!
The adder closely misses you. The adder bites you.
* * * LOW HITPOINT WARNING * * *
The adder attacks as it pursues you! The adder barely misses you.
The adder bites you.
You die...

......### #.# #.##....#
#.# #.# .# #.#####.# #.#
#.# .# #.# #.# #.# #.# .#
#.# #.# #.# #.###..# #.#
#.# #.# #.... .# #.# #.##
#.# #..# .# ..#
###..###.####..###.#.#
###
#...........@S.......#
#.#..########..#####.....
#.#†.# #..# ##. . #....
...... ## ####.#
.##.#.... .# # #...#### #
#.... #..### #...


You could see an adder.

Vanquished Creatures
  An adder (D:2)
  A bat (D:1)
  3 endoplasms
  A giant cockroach (D:1)
  2 goblins (D:1)
  2 hobgoblins (D:1)
  3 kobolds (D:1)
  2 quokkas
  3 ball pythons (D:1)
  2 rats (D:1)
20 creatures vanquished.

Notes
Turn   | Place    | Note
-------+----------+-------------------------------------------
     0 | D:1      | spaghetti the Naga Ice Elementalist began the quest for the
                  | Orb.
     0 | D:1      | Reached XP level 1. HP: 15/15 MP: 3/3
    19 | D:1      | Found Gitsopsel's Armour Boutique.
   128 | D:1      | Reached XP level 2. HP: 22/22 MP: 3/5
   841 | D:2      | Reached skill level 5 in Ice Magic
   841 | D:2      | Reached XP level 3. HP: 17/28 MP: 0/6
   854 | D:2      | Slain by an adder

Illustrated notes

Levels and vault maps discovered:
D:1:      minmay_arrival_four_circles, layout_basic, serial_shops, shop,
          serial_bayou_pond_d
D:2:      layout_loops_ring, serial_shops, nicolae_shop_statue_plus,
          shapermc_ecumenical_altar_rom_forum

Skill      XL: |  1  2 |
---------------+-------+-----
Ice Magic      | 5 |  5.0
Dodging        | |  1.5
Stealth        | |  3.0
Spellcasting   | |  2.0

Action                     || total
---------------------------++-------
  Melee: Unarmed           ||    10
   Cast: Freeze            ||    30
    Use: Potion            ||     1
 Armour: Robe              ||    28
  Dodge: Dodged            ||    19
